 Dungeon Crawl Stone Soup version 0.29-a0-581-ge9a90b782e (webtiles) character file.

Game seed: 645221159215646357

16 Nedwor the Chopper (level 2, 0/24 (27) HPs)
             Began as a Hill Orc Monk on June 14, 2022.
             Slain by a gnoll
             ... wielding a +0 flail of draining
              (4 damage)
             ... on level 1 of the Dungeon.
             The game lasted 00:00:41 (472 turns).

Nedwor the Chopper (Hill Orc Monk)                   Turns: 472, Time: 00:00:42

HP:   0/24 (27)     AC:  2    Str: 13    XL:     2   Next: 54%
MP:   2/2           EV: 12    Int: 10    God:
Gold: 30            SH:  0    Dex: 13    Spells: 1/1 levels left

rFire   . . .      SeeInvis .   a - +0 hand axe
rCold   . . .      Faith    .   (no shield)
rNeg    . . .      Spirit   .   b - +0 robe
rPois   .          Reflect  .   (no helmet)
rElec   .          Harm     .   (no cloak)
rCorr   .          Rampage  .   (no gloves)
Will    .....                   (no boots)
Stlth   ++........              (no amulet)
HPRegen 0.08/turn               (no ring)
MPRegen 0.08/turn               (no ring)

@: heavily drained
A: no striking features
a: no special abilities


You were on level 1 of the Dungeon.
You visited 1 branch of the dungeon, and saw 1 of its levels.

You collected 30 gold pieces.

Inventory:

Hand Weapons
 a - a +0 hand axe (weapon)
Armour
 b - a +0 robe (worn)
Scrolls
 d - a scroll of identify
 f - a scroll of fog {unknown}
Potions
 c - a potion of ambrosia
 e - a potion of brilliance


   Skills:
 + Level 4.0 Fighting
 * Level 4.8 Axes
 - Level 2.4 Dodging
 - Level 1.5 Stealth


You had one spell level left.
You didn't know any spells.
Your spell library was empty.

Dungeon Overview and Level Annotations

Branches:
Dungeon (1/15)

Altars:


Message History

A rat is nearby!
The rat misses you.
You hit the rat but do no damage. The rat barely misses you.
You hit the rat but do no damage. The rat misses you.
You hit the rat.
You kill the rat!
No target in view!
No target in view!
You now have 30 gold pieces (gained 17).
You see here a rat corpse.
A bat comes into view.
A bat is nearby!
A bat is nearby!
You closely miss the bat. The bat hits you but does no damage.
You hit the bat.
You kill the bat!
No target in view!
No target in view!
A gnoll comes into view. It is wielding a +0 flail of draining.
Found a ring mail.
The gnoll shouts!
A gnoll is nearby!
A gnoll is nearby!
You barely miss the gnoll.
The gnoll hits you with a +0 flail of draining!
You feel drained.
You hit the gnoll but do no damage. The gnoll closely misses you.
You hit the gnoll. You punch the gnoll.
The gnoll is severely wounded.
The gnoll closely misses you.
You barely miss the gnoll.
The gnoll is severely wounded.
The gnoll hits you with a +0 flail of draining.
* * * LOW HITPOINT WARNING * * *
You feel drained.
* * * LOW HITPOINT WARNING * * *
You hit the gnoll but do no damage.
The gnoll is severely wounded.
The gnoll hits you with a +0 flail of draining.
You die...

....########
....### #.#
......# #.#
..###†# #.#
#.# #.# #.#
.[# #.######
#.# ###
#......# #[#
######.# #g#
#.#####@#
#.......#
#######.#
###


You could see a gnoll.

Vanquished Creatures
  A giant cockroach (D:1)
  A goblin (D:1)
  A hobgoblin (D:1)
  2 jackals (D:1)
  2 kobolds (D:1)
  A quokka (D:1)
  A ball python (D:1)
  3 bats (D:1)
  2 rats (D:1)
14 creatures vanquished.

Notes
Turn   | Place    | Note
-------+----------+-------------------------------------------
     0 | D:1      | Nedwor the Hill Orc Monk began the quest for the Orb.
     0 | D:1      | Reached XP level 1. HP: 19/19 MP: 1/1
    88 | D:1      | Reached XP level 2. HP: 14/25 MP: 2/2
   472 | D:1      | Slain by a gnoll

Illustrated notes

Levels and vault maps discovered:
D:1:      pf_arrival_petrified_forest, layout_basic

Skill      XL: |  1  2 |
---------------+-------+-----
Fighting       | 4 |  4.0
Axes           | |  4.8
Dodging        | |  2.4
Stealth        | |  1.5

Action                   || total
-------------------------++-------
Melee: Hand axe          ||    56
       Punch             ||     1
  Use: Scroll            ||     1
Armor: Robe              ||    14
Dodge: Dodged            ||    39

Table legend: (Time is in decaauts)
 A = Elapsed time spent in this place.
 B = Non-inter-level travel time spent in this place.
 C = Inter-level travel time spent in this place.
 D = Time resting spent in this place.
 E = Time spent auto-exploring this place.
 F = Levels seen in this place.
 G = Mean time per level.
                   A        B        C        D        E       F      G
               +--------+--------+--------+--------+--------+-----+--------+
         Total |    476 |    476 |      0 |      0 |    368 |   1 |  476.0 |
       Dungeon |    476 |    476 |      0 |      0 |    368 |   1 |  476.0 |
               +--------+--------+--------+--------+--------+-----+--------+

Top non-repeatable levels by time:
     D:1: 476 daAuts
